 Dungeon Crawl Stone Soup version 0.18-a0-1197-g8004e50 (webtiles) character file.

76 4thArraOfDagon the Gusty (level 4, -5/34 HPs)
             Began as a Centaur Air Elementalist on Jan 30, 2016.
             Was an Initiate of Okawaru.
             Killed by divine providence
             ... invoked by an orc priest
              (11 damage)
             ... on level 4 of the Dungeon.
             The game lasted 00:07:43 (1200 turns).

4thArraOfDagon the Gusty (Centaur Air Elementalist) Turns: 1200, Time: 00:07:44

Health: -5/34      AC:  5    Str: 10    XL:     4   Next: 12%
Magic:  7/7        EV:  9    Int: 17    God:    Okawaru [......]
Gold:   50         SH:  0    Dex: 10    Spells: 3 memorised, 2 levels left

rFire  . . .     SeeInvis +     g - +2 whip (flame)
rCold  . . .     Gourm    .     a - +0 robe
rNeg   . . .     Faith    .     (no shield)
rPois  .         Spirit   .     (no helmet)
rElec  .         Dismiss  .     o - +0 cloak
rCorr  .         Reflect  .     (no gloves)
SustAt .         Harm     .     (no barding)
MR     .....                    (no amulet)
Stlth  +.........               r - +2 ring of intelligence
                                n - ring of see invisible

@: lethally poisoned (-5 -> -8), repel missiles, very quick, not resistant to
hostile enchantments, very unstealthy
A: hooves 3, deformed body, speed 2, tough skin 3
a: Renounce Religion


You were on level 4 of the Dungeon.
You worshipped Okawaru.
Okawaru was noncommittal.
You were not hungry.

You visited 1 branch of the dungeon, and saw 5 of its levels.

You collected 50 gold pieces.

Inventory:

Hand Weapons
 e - a +0 dagger
 g - a +2 whip of flaming (weapon)
 v - a +0 blowgun
Armour
 a - a +0 robe (worn)
 o - a +0 cloak (worn)
Jewellery
 n - a ring of see invisible (left hand)
 r - a +2 ring of intelligence (right hand)
Wands
 l - a wand of enslavement (7/24)
 q - a wand of disintegration (2/24)
Scrolls
 f - 2 scrolls of enchant armour {unknown}
 i - 2 scrolls of remove curse {unknown}
 j - a scroll of noise {unknown}
 k - a scroll of enchant weapon {unknown}
 m - a scroll of teleportation {unknown}
 p - a scroll of immolation {unknown}
 t - a scroll of fear
Potions
 u - a potion of heal wounds {unknown}
Books
 b - a book of Air

   Spells                             Type                      Level
   a - Shock                          Conjuration/Air              1
   b - Swiftness                      Charms/Air                   2
   c - Repel Missiles                 Charms/Air                   2
   d - Static Discharge               Conjuration/Air              3
   e - Lightning Bolt                 Conjuration/Air              5
 d - a book of Beasts

   Spells                             Type                      Level
   a - Summon Butterflies             Summoning                    1
   b - Call Canine Familiar           Summoning                    3
   c - Summon Ice Beast               Ice/Summoning                4
   d - Summon Mana Viper              Hexes/Summoning              5
   e - Summon Hydra                   Summoning                    7
 w - a book of Clouds

   Spells                             Type                      Level
   a - Mephitic Cloud                 Conjuration/Poison/Air       3
   b - Conjure Flame                  Conjuration/Fire             3
   c - Poisonous Cloud                Conjuration/Poison/Air       6
   d - Freezing Cloud                 Conjuration/Ice/Air          6
   e - Ring of Flames                 Charms/Fire                  7
Comestibles
 c - 2 bread rations
 h - 2 fruits
 s - a chunk of flesh


   Skills:
 + Level 0.4 Fighting
 + Level 0.1 Armour
 - Level 1.3 Dodging
 - Level 1.2 Stealth
 - Level 2.0 Spellcasting
 - Level 2.1 Conjurations
 - Level 3.5 Air Magic


You had 2 spell levels left.
You knew the following spells:

 Your Spells              Type           Power        Failure   Level  Hunger
a - Shock                 Conj/Air       ##..         10%         1    #......
b - Repel Missiles        Chrm/Air       #.....       17%         2    ###....
c - Swiftness             Chrm/Air       #.......     17%         2    ###....


Dungeon Overview and Level Annotations

Branches:
Dungeon (5/15)             Temple (0/1) D:4

Altars:
Okawaru
Vehumet
Xom

Shops:
D:4 :

Annotations:
D:2 Ijyb
D:3 Robin; yogakurto's ghost, amateur HaMo


Innate Abilities, Weirdness & Mutations

You have hooves in place of feet.
Armour fits poorly on your strangely shaped body.
You cover ground very quickly.
You have extremely tough skin (AC +3).


Message History

The adder closely misses you.
Unknown command.
Unknown command.
An orc comes into view. It is wielding a club.
The orc shouts!
The orc throws a tomahawk.
The tomahawk hits you but does no damage.
You see here a tomahawk.
Unknown command.
Evoke which item? (* to show all) (? for menu, Esc to quit)
Zapping:
l - a wand of enslavement (8/24)
Press: ? - help, Shift-Dir - straight line, f - orc
Aim: an orc, wielding a club (chance to defeat MR: 81%)
The orc is charmed.
This wand has 7 charges left.
The adder bites you.
* * * LOW HITPOINT WARNING * * *
You are poisoned.
The adder poisons you!
The orc priest mumbles some strange prayers to Beogh against you.
Something smites you!
You die...

####
####...###########
##.......#..o..>.#
.#>......#.# ##o##
..<........#
##...##
...........#
#.....#
#.........#
#.....# #........#
#..S..# #........#
##.@.## #.##...###
###.# #.##.....#
.# #.##.....# o#
#.##.....# .#
..##...<.# .#
####.....# .#
###### ###.### .#
#....#
####.#######
#.##.##


You could see an orc priest, an adder and a friendly orc.

Vanquished Creatures
  A worker ant (D:4)
  An adder (D:4)
  2 shadow imps (D:5)
  An ooze (D:4)
  2 orcs
  2 giant cockroaches
  3 goblins
  A hobgoblin (D:1)
  2 jackals (D:3)
  3 giant newts (D:1)
  5 kobolds
  3 rats
26 creatures vanquished.

Notes
Turn   | Place    | Note
--------------------------------------------------------------
     0 | D:1      | 4thArraOfDagon the Centaur Air Elementalist began the quest for the Orb.
     0 | D:1      | Reached XP level 1. HP: 14/14 MP: 3/3
    24 | D:1      | Reached skill level 1 in Conjurations
   133 | D:1      | Reached skill level 3 in Air Magic
   157 | D:1      | Reached XP level 2. HP: 8/20 MP: 0/4
   244 | D:2      | Noticed Ijyb
   312 | D:3      | Found an iron altar of Okawaru.
   320 | D:3      | Became a worshipper of Warmaster Okawaru
   408 | D:2      | Noticed Robin
   452 | D:3      | Noticed yogakurto's ghost (amateur HaMo)
   473 | D:4      | Found a radiant altar of Vehumet.
   486 | D:4      | Found Saoczuhif's Book Boutique.
   691 | D:4      | Found a staircase to the Ecumenical Temple.
   770 | D:4      | Reached XP level 3. HP: 10/26 MP: 0/5
   817 | D:4      | HP: 1/26 [poisoned by an adder]
   822 | D:4      | HP: 1/26 [poisoned by an adder]
   831 | D:4      | Learned a level 2 spell: Repel Missiles
   834 | D:4      | Learned a level 2 spell: Swiftness
   843 | D:4      | Found a shimmering altar of Xom.
  1064 | D:5      | Entered Level 5 of the Dungeon
  1066 | D:5      | Reached XP level 4. HP: 17/33 MP: 5/7
  1200 | D:4      | Killed from afar by an orc priest

Vault maps used:
D:1:      minmay_arrival_glassed_features
D:2:      overflow_temple_1_default, uniq_robin, uniq_sigmund, uniq_iyjb,
          uniq_jessica
D:3:      overflow_temple_1_default, overflow_temple_1_default
D:4:      xom_redecorated, fiery_altar_vehumet, temple_fountains, first_bread,
          serial_shops, shop, abandoned_shop, minmay_misc_feat_tower
D:5:      kennysheep_little_box, makhleb_grotto_becter

Action                   |  1- 3 |  4- 6 || total
-------------------------+-------+-------++-------
Melee: Dagger            |     9 |       ||     9
       Whip              |    24 |       ||    24
 Cast: Shock             |    23 |     5 ||    28
       Repel Missiles    |     1 |       ||     1
Evoke: Wand              |     1 |     2 ||     3
  Use: Potion            |     2 |       ||     2
       Scroll            |     1 |     2 ||     3
 Stab: Sleeping          |     1 |       ||     1
  Eat: Chunk             |       |     1 ||     1
